Map: Frozen Temple

Players

Cheesologist - Winner!

  • Race: Terran Terran
  • League: Master

Miszu

  • Race: Zerg Zerg
  • League: Master

VOD

Have the link to the VOD?

Description

Time

  • Played on: June 20, 2016, 1:13 p.m.
  • Length: 19:52
Show
View Real Time Build Order
Export as new Build Order

Cheesologist Terran - Winner!

Build Orders: Bio Hellbat 

Get SALT Encoding   

  12  0:01  SCV  
  13  0:15  SCV  
  14  0:23  Supply Depot  
  14  0:27  SCV  
  15  0:45  SCV  
  15  0:48  Barracks  
  16  0:57  SCV  
  17  1:09  SCV  
  18  1:21  SCV  
  18  1:22  Supply Depot  
  19  1:34  SCV  
  19  1:35  Marine  
  19  1:38  Command Center  
  21  1:46  Orbital Command  
  21  1:53  Bunker  
  21  2:01  Refinery  
  21  2:10  Marine, Barracks  
  21  2:14  SCV  
  23  2:26  SCV  
  23  2:27  Marine  
  25  2:35  Barracks  
  25  2:38  SCV  
  26  2:47  Barracks Tech Lab  
  26  2:50  SCV  
  27  2:53  Orbital Command  
  27  3:00  Barracks  
  27  3:02  Supply Depot, SCV  
  28  3:06  Marine  
  28  3:09  Marine  
  30  3:14  SCV, Combat Shields  
  30  3:19  SCV  
  32  3:24  Marine  
  32  3:27  SCV  
  34  3:29  Marine, Barracks  
  34  3:30  Marine  
  34  3:33  SCV  
  37  3:39  SCV  
  38  3:41  Marine  
  38  3:46  Engineering Bay  
  38  3:47  Marine  
  38  3:48  Marine  
  41  3:53  Marine  
  42  3:58  SCV x2  
  42  4:00  Marauder  
  46  4:05  Marine x2  
  46  4:08  Supply Depot  
  48  4:10  SCV  
  48  4:11  Marine, SCV  
  48  4:12  Terran Infantry Weapons Level 1  
  48  4:16  Marine  
  52  4:21  Supply Depot, Marine  
  52  4:23  Marine  
  54  4:29  Marine x2  
  56  4:33  SCV x2  
  56  4:34  Marine  
  59  4:38  Marine  
  59  4:44  Supply Depot  
  59  4:45  SCV  
  61  4:46  Marine  
  61  4:47  Marine, SCV  
  61  4:49  Factory  
  61  4:51  Refinery  
  64  4:57  SCV  
  64  4:59  Marine x2, SCV  
  61  5:01  Marauder  
  55  5:09  Marine x2  
  56  5:17  Marine, SCV  
  56  5:18  Barracks  
  56  5:19  Supply Depot  
  58  5:22  SCV  
  59  5:30  SCV  
  59  5:31  Marine, Marauder  
  59  5:32  Marine x2  
  59  5:35  Marine, Factory Tech Lab  
  66  5:44  Bunker  
  66  5:45  Supply Depot, SCV  
  66  5:49  Marine x3  
  68  5:52  Marine, SCV  
  68  5:53  Marine  
  68  5:55  Siege Tank  
  76  5:57  SCV  
  76  6:00  Refinery  
  77  6:04  SCV  
  77  6:05  Marine  
  77  6:07  Factory, Marine x3  
  77  6:08  Barracks  
  77  6:10  Marine  
  77  6:11  Marauder  
  85  6:18  Command Center  
  85  6:23  Marine  
  85  6:25  Marine  
  87  6:26  SCV x2  
  87  6:32  Marauder  
  91  6:34  Supply Depot  
  91  6:35  Supply Depot, Terran Infantry Armor Level 1  
  91  6:38  Stimpack, SCV x2  
  93  6:42  Refinery  
  93  6:45  Marine  
  94  6:55  Factory Reactor  
  94  6:56  Marine x4, SCV x2  
  100  7:06  Supply Depot  
  100  7:08  SCV x2  
  100  7:09  Marine  
  100  7:12  Marauder  
  100  7:14  Hellion  
  107  7:20  SCV x2  
  109  7:24  Marine  
  109  7:27  Marine  
  111  7:30  Supply Depot  
  111  7:31  Supply Depot, Orbital Command  
  111  7:32  SCV  
  111  7:34  Marauder  
  114  7:37  Barracks Tech Lab  
  114  7:38  Hellion  
  114  7:39  Hellion  
  114  7:44  Armory  
  118  7:46  SCV x2  
  118  7:50  Marine x2  
  118  7:51  Marine x2  
  124  7:52  Marine  
  124  7:55  Marauder  
  124  7:56  Marauder  
  124  7:57  Concussive Shells  
  124  7:58  SCV  
  130  8:00  SCV  
  130  8:01  SCV  
  130  8:02  Hellion  
  130  8:04  Hellion  
  136  8:09  Siege Tank  
  136  8:12  Refinery  
  139  8:13  Refinery  
  139  8:14  Missile Turret  
  139  8:58  Barracks  
  139  9:00  Barracks  
  139  9:02  Barracks  
  130  9:04  Marine x2, Marauder  
  134  9:14  Marine  
  135  9:22  Marine x2  
  127  9:26  Marauder  
  111  9:32  Marauder  
  111  9:34  Hellbat x3  
  89  9:39  Marine x2  
  91  9:47  Factory, Marauder  
  91  9:49  Bunker, Starport  
  91  9:50  Starport x2  
  91  9:51  Marine x3  
  96  9:53  Marauder  
  96  9:55  Hellbat x2  
  96  9:56  Terran Infantry Weapons Level 2  
  96  9:57  Supply Depot, Marine x2  
  96  9:59  Terran Vehicle And Ship Armor Level 1  
  104  10:02  SCV x3  
  104  10:03  Starport x2  
  104  10:05  Command Center, Factory Tech Lab  
  107  10:08  Marine x2  
  107  10:09  Marine, Marauder  
  112  10:14  SCV x2  
  112  10:15  Marine x2, Marauder, SCV  
  119  10:26  Marine x2, Medivac x2  
  119  10:27  Marine, Medivac  
  128  10:30  Marauder  
  128  10:33  Marine x2  
  132  10:36  Marine, Missile Turret  
  132  10:41  Hellbat x2, Fusion Core, Armory  
  132  10:42  Infernal Pre-Igniter, Siege Tank  
  140  10:44  Marine x3  
  143  10:50  Factory Reactor  
  143  10:51  Marine x2, Marauder  
  143  10:54  Marauder  
  149  11:02  Marine x3, Hellbat  
  154  11:08  Marine  
  154  11:09  Marine  
  154  11:10  Supply Depot  
  154  11:11  Supply Depot x2  
  156  11:13  Supply Depot  
  156  11:15  Supply Depot  
  156  11:16  Starport Tech Lab  
  156  11:17  Marauder x2  
  160  11:20  Marine  
  161  11:26  Marine x3  
  161  11:30  Hellbat  
  161  11:31  Hellbat x2  
  170  11:33  Starport Tech Lab  
  170  11:34  Starport Tech Lab  
  170  11:35  Starport Tech Lab  
  170  11:38  Marauder x2  
  174  11:42  Planetary Fortress  
  174  11:52  Hellbat  
  174  11:53  Refinery  
  176  11:54  Refinery  
  176  11:56  Missile Turret  
  176  11:59  Marauder x2  
  180  12:01  Banshee  
  180  12:04  Starport Tech Lab  
  180  12:08  Cloaking Field  
  183  12:10  Hyperflight Rotors  
  183  12:11  Marine  
  183  12:12  Thor  
  183  12:13  Missile Turret  
  190  12:21  Marauder  
  191  12:29  Banshee x2  
  190  12:30  Medivac  
  195  12:43  Banshee  
  198  13:00  Missile Turret  
  198  13:01  Missile Turret  
  198  13:06  Missile Turret  
  198  13:10  Terran Vehicle And Ship Armor Level 2  
  198  13:11  Terran Ship Weapons Level 1, Missile Turret  
  197  13:14  Missile Turret  
  185  13:32  Banshee x3  
  185  13:33  Banshee  
  197  13:45  Terran Infantry Weapons Level 3, Banshee  
  200  14:07  Missile Turret  
  200  14:27  Command Center  
  200  14:33  Command Center  
  200  14:55  Liberator x3  
  164  15:13  Banshee x2  
  115  15:28  Refinery  
  112  15:38  Liberator x3  
  112  15:47  Missile Turret  
  112  15:48  Missile Turret  
  106  15:55  Viking  
  106  15:56  Missile Turret  
  111  16:02  Planetary Fortress  
  111  16:09  Banshee  
  113  16:25  Banshee  
  115  16:29  Missile Turret  
  115  16:30  Marine  
  115  16:31  Marine  
  110  16:38  Viking x2  
  110  16:39  Missile Turret  
  103  16:50  Viking, Orbital Command  
  103  16:52  Viking  
  106  16:58  Marine  
  107  17:08  Viking x2  
  111  17:11  Viking  
  111  17:14  Marine x2  
  111  17:15  Marine  
  116  17:20  Viking  
  116  17:22  Viking  
  120  17:29  Refinery x2  
  120  17:31  Marine  
  120  17:32  Marine x4, Missile Turret  
  125  17:38  Viking x2  
  129  17:49  Marine  
  129  17:50  Marine x2  
  129  17:51  Marauder  
  134  18:04  Missile Turret  
  134  18:12  Marauder  
  136  18:13  Missile Turret  
  136  18:15  Missile Turret  
  136  18:16  Thor  
  136  18:18  Viking x4  
  150  18:38  Banshee  
  150  18:40  Orbital Command  
  153  18:48  Banshee x2  
  159  18:52  Missile Turret  
  159  19:04  Thor  
  159  19:07  Banshee x2  
  171  19:11  Missile Turret  
  170  19:22  Marine  
  170  19:23  Marine, Marauder  
  177  19:24  Hellbat  
Show
View Real Time Build Order
Export as new Build Order

Miszu Zerg 

Build Orders: Hatch First 

Get SALT Encoding   

  12  0:01  Drone  
  13  0:12  Overlord  
  13  0:20  Drone  
  14  0:31  Drone x2  
  16  0:37  Drone  
  17  0:52  Hatchery  
  16  0:59  Drone x2  
  18  1:04  Extractor  
  17  1:14  Spawning Pool  
  17  1:17  Drone  
  17  1:21  Drone  
  18  1:32  Drone  
  19  1:44  Drone  
  20  1:51  Overlord  
  20  2:01  Queen  
  20  2:03  Queen  
  20  2:05  Zergling x4  
  26  2:09  Metabolic Boost  
  26  2:12  Drone  
  27  2:16  Drone  
  27  2:22  Drone  
  29  2:25  Drone  
  30  2:33  Drone  
  30  2:36  Drone  
  32  2:42  Pneumatized Carapace  
  32  2:43  Queen  
  34  2:48  Overlord  
  33  3:00  Drone x2  
  35  3:07  Drone x2  
  37  3:16  Drone x5  
  37  3:18  Drone  
  43  3:21  Overlord  
  43  3:32  Hatchery  
  42  3:41  Roach Warren, Drone x2  
  43  3:55  Overlord  
  43  3:56  Overlord  
  43  4:00  Extractor  
  42  4:06  Zergling x12  
  48  4:20  Roach x3  
  48  4:23  Roach  
  56  4:27  Burrow  
  56  4:29  Roach x3  
  62  4:33  Evolution Chamber x2  
  62  4:35  Roach  
  62  4:37  Roach  
  64  4:42  Drone x3  
  60  5:00  Drone x8  
  60  5:02  Queen  
  68  5:07  Extractor  
  67  5:14  Drone x5  
  67  5:20  Drone  
  67  5:21  Drone  
  74  5:23  Lair  
  74  5:27  Extractor  
  73  5:29  Overlord  
  73  5:38  Zerg Missile Weapons Level 1, Zerg Ground Armor Level 1  
  73  5:39  Drone  
  74  5:46  Overlord  
  74  5:47  Overlord x3  
  74  5:50  Extractor  
  74  5:51  Extractor  
  74  5:53  Drone x2  
  74  5:55  Drone x4  
  78  6:04  Roach x2  
  80  6:07  Ravager x3  
  80  6:10  Roach  
  87  6:11  Overlord  
  87  6:13  Drone x4  
  91  6:20  Roach x2  
  91  6:21  Roach  
  91  6:22  Roach  
  91  6:24  Roach  
  101  6:26  Roach  
  103  6:35  Roach  
  103  6:36  Roach x2  
  103  6:38  Ravager  
  103  6:39  Queen  
  110  6:41  Overlord x2  
  112  6:50  Glial Reconstitution  
  112  6:55  Infestation Pit  
  112  6:56  Drone x2  
  112  6:57  Drone x2  
  112  7:00  Drone  
  116  7:06  Overlord x2  
  116  7:07  Overlord x2  
  116  7:19  Ravager x5  
  121  7:27  Overlord x2  
  121  7:29  Overlord  
  121  7:30  Overlord  
  121  7:35  Hive  
  121  7:36  Roach  
  121  7:37  Roach x2, Hatchery  
  126  7:51  Overseer  
  126  7:53  Roach  
  126  7:55  Overlord  
  128  8:01  Zerg Ground Armor Level 2  
  128  8:02  Zerg Missile Weapons Level 2  
  128  8:04  Roach x4  
  136  8:06  Zergling x12  
  142  8:33  Roach x3  
  142  8:34  Roach  
  150  8:40  Roach x11  
  168  8:52  Roach x4  
  146  9:07  Roach x3  
  146  9:08  Roach  
  146  9:09  Roach x4  
  105  9:34  Roach  
  105  9:35  Roach x6  
  99  9:42  Hatchery  
  98  9:47  Ultralisk Cavern  
  98  9:51  Roach x5  
  107  10:09  Drone x5  
  107  10:11  Drone  
  113  10:31  Overlord x2  
  113  10:34  Chitinous Plating  
  113  10:36  Ultralisk x2  
  113  10:41  Drone x4  
  129  10:43  Drone  
  129  10:44  Drone  
  131  10:54  Ultralisk  
  137  10:57  Drone x3  
  137  10:59  Drone  
  137  11:00  Drone  
  137  11:01  Drone  
  143  11:15  Infestor, Ultralisk  
  143  11:16  Infestor  
  153  11:21  Ravager  
  153  11:25  Extractor x2  
  153  11:26  Drone x5  
  153  11:27  Overlord x2  
  157  11:37  Ultralisk  
  163  11:42  Ravager  
  164  11:53  Ultralisk  
  170  12:03  Baneling Nest  
  170  12:06  Zergling x6  
  170  12:07  Zergling x2  
  173  12:13  Zerg Ground Armor Level 3  
  167  12:25  Hatchery  
  158  12:31  Ultralisk x2  
  170  12:37  Ultralisk  
  176  12:56  Ravager x4  
  176  12:57  Ravager x2  
  180  13:09  Spire  
  172  13:22  Extractor  
  172  13:23  Extractor  
  162  13:33  Infestor x2  
  166  13:36  Centrifical Hooks  
  166  13:39  Zerg Melee Weapons Level 1  
  166  13:40  Pathogen Glands  
  166  13:42  Drone x3  
  166  13:43  Drone  
  166  13:44  Drone  
  166  13:45  Drone  
  178  13:48  Ultralisk  
  178  13:52  Zergling x30  
  193  14:05  Nydus Network  
  192  14:12  Zergling x16  
  192  14:15  Adrenal Glands  
  200  14:24  Spine Crawler  
  200  14:25  Spore Crawler, Spine Crawler  
  181  14:52  Corruptor x5  
  175  14:53  Corruptor  
  131  15:13  Corruptor  
  108  15:16  Corruptor  
  108  15:19  Overseer  
  101  15:36  Viper x2  
  107  15:54  Drone x3  
  110  15:57  Drone  
  99  16:51  Corruptor  
  99  16:52  Corruptor x2  
  101  17:04  Hatchery  
  101  17:08  Viper x2  
  103  17:13  Viper  
  109  17:26  Viper  
  112  17:32  Viper  
  112  17:57  Viper  
  115  18:39  Overseer  
  115  18:43  Extractor  
  114  18:52  Hatchery  
Tags
 
Composition
Bio Hellbat
Matchup
TvZ
Player
Miszu
Add a new tag
Caveats
  • Supply blocks, unpowered buildings, or Contaminate may cause inaccurate times.
  • Supply counts are checked every 10 seconds.